 Dungeon Crawl Stone Soup version 0.14-a0-3109-ga7442b6 (webtiles) character file.

866 Kae the Insei (level 7, 0/52 HPs)
             Began as a White Draconian Transmuter on Mar 7, 2014.
             Was an Initiate of Fedhas.
             Slain by a centaur (1 damage)
             ... on Level 5 of the Dungeon.
             The game lasted 00:11:05 (5544 turns).

Kae the Insei (White Draconian Transmuter)          Turns: 5544, Time: 00:11:06

HP   0/52        AC  8     Str 12      XL: 7   Next: 52%
MP  12/12        EV 14     Int 13      God: Fedhas [......]
Gold 100         SH  0     Dex 14      Spells:  3 memorised,  4 levels left

rFire  . . .     SeeInvis .       - Unarmed
rCold  + . .     Clarity  .     (armour unavailable)
rNeg   . . .     Conserve .     (no shield)
rPois  .         rCorr    .     (helmet restricted)
rElec  .         rRot     .     y - +1 cloak
SustAb . .       Spirit   .     (no gloves)
rMut   .         Warding  .     (no boots)
Gourm  +         Stasis   .     q - amulet of the gourmand
MR     .....                    (no ring)
                                s - +2 ring of evasion

@: appendage, not resistant to hostile enchantments, unstealthy
A: breathe frost, unfitting armour, horns 2, cold resistance 1, AC +6
a: Breathe Frost, End Transformation, Renounce Religion


You were on level 5 of the Dungeon.
You worshipped Fedhas.
Fedhas was noncommittal.
You were not hungry.
You had grown temporary horns.
You visited 2 branches of the dungeon, and saw 6 of its levels.

You collected 100 gold pieces.

Inventory:

Missiles
 b - 11 arrows
 j - 14 arrows of frost
 t - 7 tomahawks of returning (quivered)
Armour
 y - a +1 cloak (worn)
Magical devices
 r - a wand of digging (21)
Comestibles
 a - 4 bread rations
 k - 3 chunks of orc flesh
 n - a lychee
 p - a pear
 x - 2 meat rations
Scrolls
 c - 2 scrolls of remove curse
 f - a scroll of magic mapping
 l - 2 scrolls of recharging
Jewellery
 q - an amulet of the gourmand (around neck)
 s - a +2 ring of evasion (left hand)
Potions
 h - a potion of confusion
 o - a potion of paralysis
 u - a potion of magic {unknown}
 w - a potion of degeneration {unknown}
 z - a potion of porridge
Books
 d - a book of Changes

   Spells                             Type                      Level
   *Beastly Appendage                 Transmutation                1
   *Sticks to Snakes                  Transmutation                2
   *Spider Form                       Transmutation/Poison         3
   Ice Form                           Ice/Transmutation            4
   Blade Hands                        Transmutation                5


   Skills:
 - Level 1.1 Fighting
 - Level 1.7 Dodging
 * Level 7.5 Unarmed Combat
 - Level 2.0 Spellcasting
 + Level 5.2 Transmutations


You had 4 spell levels left.
You knew the following spells:

 Your Spells              Type           Power        Failure   Level  Hunger
a - Beastly Appendage     Trmt           ##....       3%          1    ##.....
b - Sticks to Snakes      Trmt           ##........   6%          2    ###....
c - Spider Form           Trmt/Pois      #.........   28%         3    ####...


Dungeon Overview and Level Annotations

Branches:
Dungeon (5/16)             Temple (1/1) D:4

Altars:
Ashenzari
Cheibriados
Dithmenos
Elyvilon
Fedhas
Kikubaaqudgha
Makhleb
Okawaru
Sif Muna
Trog
Vehumet
Xom
Yredelemnul
Zin
The Shining One

Shops:
D:4 [

Annotations:
D:2 Sigmund
D:4 Eustachio, Prince Ribbit


Innate Abilities, Weirdness & Mutations

You can breathe waves of freezing cold.*
You can buffet flying creatures when you breathe cold.*
Your icy white scales are hard (AC +6).*
Your body does not fit into most forms of armour.
Your cold-blooded metabolism reacts poorly to cold.
Your flesh is cold resistant.*
You have a pair of horns on your head.*


Message History

Okay, then.
You barely miss the centaur.
You headbutt the centaur, but do no damage.
The centaur is heavily wounded.
The giant gecko bites you but does no damage.
The centaur barely misses you.
You barely miss the centaur. You headbutt the centaur.
The centaur is severely wounded.
The giant gecko closely misses you. The centaur closely misses you.
Unknown command.
You barely miss the centaur. You tail-slap the centaur.
The centaur is severely wounded.
The centaur misses you. The giant gecko misses you.
You hit the centaur but do no damage. Your headbutt misses the centaur.
The centaur is severely wounded.
The centaur hits you!
* * * LOW HITPOINT WARNING * * *
The giant gecko barely misses you. The centaur hits you.
You die...
Fedhas appreciates your contribution to the ecosystem.

*,*********,* #.....# ,*,
*,,,,,,,,, , #.....# *,*,
*,,,,,,,,,,,* #.....# *,*,
*,,,,,,,,,, * #.....# ***,**
,,,,, ,,,, ,*
##(....###***,,,,, ,,,,, ,,
,,,* #(......... *,, ,
,,,,,,,, ,,,* #(........,**,,
,, *,, ,,,,, ,,*
#(........,**,,,,,
*,*********,*
#@l.......,,,,,,, *,****
**,***##c##....#,, ,,,,, ,
,,,,,,,, ,,,, ..#*....*,,,,,,
,
*,*********,****###*....*,,,*
*** *,* ,,,,,,,,,,,,*
*,,,,*,,,* ,* *,** **,**** *
,,,,*,,,* * * * * *, **,
**,,,,*,,,***** ,* *,* *,,,,,
,,,,,,,+,,,,,,,, *,* *,* ****
* ******* ,,,*****


You could see a centaur and a giant gecko.

Vanquished Creatures
  A centaur (D:5)
  An ogre (D:4)
  Duvessa (D:3)
  A giant frog (D:5)
  2 scorpions (D:4)
  Dowan (D:4)
  A hound (D:4)
  An orc wizard (D:3)
  Natasha (twice) (D:4)
  2 worker ants (D:4)
  Ijyb (D:2)
  8 adders
  A worm (D:3)
  An ooze (D:1)
  5 orcs
  A giant cockroach (D:2)
  10 goblins
  12 hobgoblins
  12 jackals
  2 quokkas
  2 ball pythons
  9 bats
  7 giant newts
  10 kobolds
  9 rats
103 creatures vanquished.

Vanquished Creatures (collateral kills)
  A hobgoblin (D:1)
1 creature vanquished.

Vanquished Creatures (others)
  12 toadstools
12 creatures vanquished.

Grand Total: 116 creatures vanquished

Notes
Turn   | Place    | Note
--------------------------------------------------------------
     0 | D:1      | Kae, the Draconian Transmuter, began the quest for the Orb.
     0 | D:1      | Reached XP level 1. HP: 16/16 MP: 3/3
   262 | D:1      | Reached XP level 2. HP: 17/23 MP: 4/4
   988 | D:1      | Learned a level 2 spell: Sticks to Snakes
  1289 | D:2      | Noticed Sigmund
  1698 | D:2      | Reached XP level 3. HP: 26/28 MP: 6/6
  1703 | D:2      | Learned a level 3 spell: Spider Form
  1735 | D:2      | Found a burning altar of Makhleb.
  1735 | D:2      | Found an ancient bone altar of Kikubaaqudgha.
  1961 | D:2      | Reached skill level 4 in Unarmed Combat
  2206 | D:2      | Noticed Ijyb
  2245 | D:2      | Killed Ijyb
  2245 | D:2      | Reached XP level 4. HP: 12/35 MP: 7/7
  3467 | D:3      | Reached XP level 5. HP: 36/40 MP: 9/9
  3567 | D:4      | Noticed an ogre
  3569 | D:4      | Noticed an ogre
  3606 | D:3      | Reached skill level 5 in Unarmed Combat
  3986 | D:4      | Noticed Eustachio
  4092 | D:4      | Noticed Dowan
  4093 | D:4      | Noticed Duvessa
  4108 | D:4      | Killed Dowan
  4171 | D:4      | Reached XP level 6. HP: 28/47 MP: 10/10
  4359 | D:4      | Reached skill level 6 in Unarmed Combat
  4493 | D:4      | Found a staircase to the Ecumenical Temple.
  4505 | Temple   | Entered the Ecumenical Temple
  4663 | Temple   | Became a worshipper of Fedhas Madash
  4815 | D:3      | Killed Duvessa
  4947 | D:4      | Found a white marble altar of Elyvilon.
  5009 | D:4      | Noticed Natasha
  5112 | D:4      | Killed an ogre
  5112 | D:4      | Your scales start taking on an icy white colour.
  5112 | D:4      | Gained mutation: Your flesh is cold resistant. [draconian maturity]
  5112 | D:4      | Reached XP level 7. HP: 17/52 MP: 8/12
  5333 | D:4      | Killed Natasha
  5333 | D:4      | Reached skill level 7 in Unarmed Combat
  5380 | D:4      | Found Qoackuji's Antique Armour Boutique.
  5396 | D:4      | Noticed Natasha
  5409 | D:4      | Killed Natasha
  5425 | D:4      | Noticed Prince Ribbit
  5430 | D:5      | Entered Level 5 of the Dungeon
  5478 | D:5      | Reached skill level 5 in Transmutations
  5544 | D:5      | HP: 1/52 [centaur (7)]
  5544 | D:5      | Slain by a centaur

Action                   |  1- 3 |  4- 6 |  7- 9 || total
-------------------------+-------+-------+-------++-------
Melee: Unarmed           |   221 |   236 |    35 ||   492
Throw: Tomahawk          |       |     6 |       ||     6
 Cast: Sticks to Snakes  |     1 |       |       ||     1
       Beastly Appendage |     3 |     8 |     2 ||    13
       Spider Form       |     1 |     3 |       ||     4
Evoke: Wand              |       |       |     1 ||     1
  Use: Potion            |     3 |     3 |       ||     6
       Scroll            |       |       |     9 ||     9
